 Dungeon Crawl Stone Soup version 0.31-a0-1074-g0b22e4e0f1 (webtiles) character file.

Game seed: 14962832414119018553

15257 drugrobin the Black Belt (level 11, -1/89 HPs)
             Began as a Demigod Delver on Dec 6, 2023.
             Slain by a salamander
             ... wielding a +0 glaive
              (17 damage)
             ... in a volcano.
             The game lasted 00:33:56 (11711 turns).

drugrobin the Black Belt (Demigod Delver)          Turns: 11711, Time: 00:33:56

Health: -1/89      AC: 16    Str: 19    XL:     11   Next: 67%
Magic:  14/14      EV:  6    Int: 12    God:
Gold:   392        SH:  0    Dex: 27    Spells: 10/10 levels left

rFire   + +          +
                       - Unarmed
rCold   x . .        j - orb "Mourinua" {*channel, rF+}
rNeg    . . .        B - +4 plate armour {rF+}
rPois   .            h - +0 helmet
rElec   .            (no cloak)
rCorr   .            (no gloves)
SInv    .            w - +0 pair of boots
Will    +....        o - amulet of regeneration Stlth
                     d - ring of fire
HPRegen 1.14/turn    n - +6 ring of strength
MPRegen 0.14/turn

%: channel magic (20%)
@: studying Spellcasting
A: high MP 1, forlorn, divine attributes
a: no special abilities


You were in a volcano.
You visited 3 branches of the dungeon, and saw 14 of its levels.
You also visited: Volcano.

You collected 829 gold pieces.
You spent 437 gold pieces at shops.

Inventory:

Hand Weapons
 b - a +1 whip of venom
Missiles
 i - 3 javelins
 y - 5 poisoned darts (quivered)
 J - 5 curare-tipped darts
 U - 2 throwing nets
Armour
 h - a +0 helmet (worn)
 j - the orb "Mourinua" (worn) {*channel, rF+}
   (You found it on level 2 of the Dungeon)

   rF+:       It protects you from fire.
 w - a +0 pair of boots (worn)
 B - a +4 plate armour of fire resistance (worn)
Magical Staves
 c - a staff of air
Jewellery
 d - a ring of fire (left hand)
 n - a +6 ring of strength (right hand)
 o - an amulet of regeneration (around neck)
 z - a +5 ring of evasion
Wands
 f - a wand of digging (2)
 H - a wand of mindburst (4)
 L - a wand of light (4)
 M - a wand of charming (7)
 N - a wand of flame (18)
Scrolls
 g - 5 scrolls of vulnerability
 k - 3 scrolls of acquirement {unknown}
 l - 2 scrolls of immolation {unknown}
 p - a scroll of blinking
 q - 5 scrolls of teleportation
 u - 2 scrolls of revelation
 v - a scroll of enchant weapon
 x - a scroll of poison
 E - a scroll of fear
 I - a scroll of enchant armour
 K - a scroll of butterflies
 O - 2 scrolls of amnesia {unknown}
 R - a scroll of torment
 S - 3 scrolls of fog
Potions
 a - 5 potions of might {unknown}
 m - a potion of resistance {unknown}
 r - 5 potions of curing {unknown}
 s - a potion of berserk rage {unknown}
 A - a potion of degeneration {unknown}
 C - 2 potions of haste
 D - 2 potions of attraction {unknown}
 F - 3 potions of lignification {unknown}
 P - a potion of cancellation {unknown}
 Q - a potion of mutation {unknown}


   Skills:
 + Level 5.8 Fighting
 - Level 1.7 Dodging
 - Level 4.5 Stealth
 * Level 16.5 Unarmed Combat
 - Level 4.0 Evocations


You had 10 spell levels left.
You didn't know any spells.
Your spell library contained the following spells:

 Spells                   Type           Power      Damage    Failure   Level
 Apportation              Tloc           0%         N/A       100%        1
 Necrotise                Necr           0%         1d4       100%        1
 Sandblast                Erth           0%         2d4       100%        1
 Shock                    Conj/Air       0%         1d3       100%        1
 Summon Small Mammal      Summ           0%         N/A       100%        1
 Passwall                 Tmut/Erth      0%         N/A       100%        2
 Stone Arrow              Conj/Erth      0%         3d7       100%        3
 Swiftness                Air            0%         N/A       100%        3
 Airstrike                Air            0%         2d(0-16)  100%        4
 Brom's Barrelling Bould  Conj/Erth      0%         2d3       100%        4
 Summon Forest            Summ/Tloc      0%         N/A       100%        5
 Eringya's Noxious Bog    Tmut/Pois      0%         4d6       100%        6
 Summon Hydra             Summ           0%         N/A       100%        7


Dungeon Overview and Level Annotations

Branches:
Dungeon (12/15)            Temple (0/1) D:5            Lair (1/5) D:11
    Orc (1/2) D:9         Volcano (1/1)

Shops:
D:4 *   D:9 (

Annotations:
D:11 2 transporters, jlumianski's ghost, journeyman GnSh


Innate Abilities, Weirdness & Mutations

You have an increased reservoir of magic. (+10% MP)
You shall have no god before yourself.
Your divine heritage dramatically boosts your attributes as you level up.


Message History

In the distance, the volcano erupts with a roar.
Unknown command.
The salamander hits you with a +0 glaive!
You are engulfed in flames.
You resist.
The salamander hits you from afar with a +0 halberd!
You are engulfed in flames.
You resist.
You barely miss the salamander.
The salamander hits you with a +0 glaive.
You are engulfed in flames.
You resist.
You completely miss the salamander.
The salamander hits you from afar with a +0 halberd.
You are engulfed in flames.
You resist.
The salamander hits you with a +0 glaive!
You are engulfed in flames.
You resist.
You completely miss the salamander.
The salamander hits you from afar with a +0 halberd.
You are engulfed in flames.
You resist.
You barely miss the salamander.
The salamander hits you with a +0 glaive!
You are engulfed in flames.
You resist.
You closely miss the salamander.
The salamander hits you from afar with a +0 halberd.
* * * LOW HITPOINT WARNING * * *
You are engulfed in flames.
You resist.
* * * LOW HITPOINT WARNING * * *
The salamander hits you with a +0 glaive!
* * * LOW HITPOINT WARNING * * *
You are engulfed in flames.
You resist.
* * * LOW HITPOINT WARNING * * *
Unknown command.
Unknown command.
Aiming: Bolt of Light
Press: ? - help, Shift-Dir - straight line, f/p - salamander
Aim: a salamander, wielding a +0 glaive (84% to hit)
The bolt of light misses the salamander.
The bolt of light hits the salamander!
The salamander is moderately wounded.
The salamander is blinded.
The salamander barely misses you.
The salamander hits you with a +0 glaive!
You die...

≈≈§≈≈≈§≈§§≈§§§≈...##
§≈≈≈≈≈§≈≈≈§≈≈§≈≈...#
≈§≈§§§≈≈§§≈≈≈§§....# .
≈≈≈≈§≈≈§§§§≈≈≈§..### ..
§§§§§≈§≈§≈§≈≈...## ..#
≈§≈≈§≈≈≈§≈§§≈..## ..#
§≈≈≈≈≈≈§≈≈≈§§..### ..#
≈≈§≈≈§§≈≈≈§≈....8###..#
..≈.§≈§§§≈≈.....@NN'(∩#
#....≈§§≈≈≈.....8###..#
####.≈§≈§.....#### ..#
##..§...#### ..#
######## ..# .. .


You could see 2 salamanders.

Vanquished Creatures
  Harold (D:11)
  2 two-headed ogres
  A death yak (Lair:1)
  2 tengu warriors (D:12)
  Sonja (D:11)
  Nergalle (D:11)
  An ugly thing (D:12)
  An orc sorcerer (Orc:1)
  A cyclops (D:12)
  A manticore (D:11)
  A gargoyle (D:12)
  Psyche (D:8)
  An unseen horror (D:12)
  A komodo dragon (D:12)
  A hornet (D:7)
  A troll (D:12)
  Grinder (D:4)
  A shadow (D:11)
  Grum (D:8)
  4 fire bats (Volcano)
  9 yaks
  2 steam dragons
  3 acid dragons
  A warg (Orc:1)
  A water moccasin (D:8)
  2 orc warriors (Orc:1)
  2 black bears (D:11)
  2 ice beasts
  A sky beast (D:6)
  3 centaurs
  6 wolves
  2 kobold brigands
  3 bullfrogs
  3 gnoll sergeants
  6 scorpions
  7 wights
  16 killer bees
  7 howler monkeys
  5 hounds
  7 lava snakes (Volcano)
  An iron imp (D:9)
  2 orc priests
  A gnoll bouda (D:4)
  7 iguanas
  4 orc wizards
  17 gnolls
  9 adders
  A worm (D:2)
  2 dart slugs
  21 orcs
  3 ball pythons
  2 bats (D:3)
  5 endoplasms
  2 giant cockroaches
  9 hobgoblins
  4 jackals
  2 quokkas
  3 frilled lizards
  7 goblins
  14 kobolds
  4 rats
233 creatures vanquished.

Vanquished Creatures (others)
  A jelly (D:6)
  An orc (Orc:1)
2 creatures vanquished.

Grand Total: 235 creatures vanquished

Notes
Turn   | Place    | Note
-------+----------+-------------------------------------------
     0 | D:5      | drugrobin the Demigod Delver began the quest for the Orb.
     0 | D:5      | Reached XP level 1. HP: 18/18 MP: 3/3
    47 | D:5      | Reached skill level 2 in Unarmed Combat
   134 | D:5      | Noticed an iguana
   199 | D:5      | Noticed a howler monkey
   260 | D:6      | Noticed a scorpion
   375 | D:6      | Noticed an iguana
   567 | D:6      | Noticed an iguana
   576 | D:6      | Noticed an iguana
   589 | D:6      | Noticed a steam dragon
   625 | D:5      | Noticed a scorpion
   648 | D:4      | Noticed Grinder
   727 | D:3      | Noticed an orc wizard
   821 | D:2      | Reached XP level 2. HP: 13/25 MP: 4/4
   885 | D:2      | Reached skill level 3 in Unarmed Combat
   941 | D:2      | Identified the orb "Mourinua" {*channel, rF+}
  1192 | D:1      | Reached XP level 3. HP: 30/30 MP: 5/5
  1989 | D:2      | Reached skill level 4 in Unarmed Combat
  2271 | D:2      | Reached XP level 4. HP: 37/37 MP: 6/6
  2770 | D:3      | Reached skill level 5 in Unarmed Combat
  2770 | D:3      | Reached XP level 5. HP: 37/42 MP: 7/7
  3373 | D:4      | Paralysed by Grinder for 5 turns
  3384 | D:4      | Paralysed by Grinder for 2 turns
  3409 | D:5      | Noticed a yak
  3409 | D:5      | Noticed an ice beast
  3444 | D:5      | Found a staircase to the Ecumenical Temple.
  3545 | D:5      | Reached skill level 6 in Unarmed Combat
  3545 | D:5      | Reached XP level 6. HP: 49/50 MP: 8/8
  3676 | D:5      | Reached skill level 7 in Unarmed Combat
  3725 | D:5      | Killed a yak
  3726 | D:5      | Reached XP level 7. HP: 45/56 MP: 9/9
  4052 | D:5      | Reached skill level 8 in Unarmed Combat
  4324 | D:6      | Killed a steam dragon
  4507 | D:6      | Identified the +0 robe "Nuots" {rPois Archmagi}
  4716 | D:6      | Reached skill level 9 in Unarmed Combat
  4951 | D:7      | Reached XP level 8. HP: 62/62 MP: 10/10
  5302 | D:6      | Reached skill level 10 in Unarmed Combat
  5355 | D:7      | Noticed a hornet
  5366 | D:7      | Killed a hornet
  5946 | D:8      | Reached skill level 11 in Unarmed Combat
  5963 | D:8      | Noticed Psyche
  6121 | D:4      | Found Ivucurhuru's Assorted Antiques.
  6129 | D:4      | Bought a scroll labelled WEFONOERIR for 25 gold pieces
  6129 | D:4      | Bought a murky blue potion for 22 gold pieces
  6129 | D:4      | Bought a glowing glass wand for 100 gold pieces
  6129 | D:4      | Bought a long bone wand for 100 gold pieces
  6129 | D:4      | Bought a runed bone wand for 100 gold pieces
  6313 | D:4      | Paralysed by Grinder for 3 turns
  6320 | D:4      | Killed Grinder
  6586 | D:8      | Reached XP level 9. HP: 66/68 MP: 11/11
  6664 | D:8      | Noticed Grum
  6677 | D:8      | Killed Grum
  6685 | D:8      | Reached skill level 12 in Unarmed Combat
  6767 | D:8      | Noticed a two-headed ogre
  6800 | D:8      | Killed a two-headed ogre
  7004 | D:8      | Killed Psyche
  7523 | D:9      | Reached skill level 13 in Unarmed Combat
  7588 | D:9      | Reached XP level 10. HP: 67/74 MP: 13/13
  7631 | D:9      | Noticed a +0 spear
  7632 | D:9      | Noticed a +0 dagger
  7632 | D:9      | Noticed a +0 spear
  7633 | D:9      | Noticed a +0 dagger
  7633 | D:9      | Noticed a +0 falchion
  7633 | D:9      | Noticed a +0 short sword
  7633 | D:9      | Noticed a +0 short sword
  7634 | D:9      | Noticed a +0 falchion
  7777 | D:9      | Found Awnebutz's Weapon Boutique.
  7781 | D:9      | Found a staircase to the Orcish Mines.
  7786 | D:9      | Bought 5 curare-tipped darts for 90 gold pieces
  8288 | D:10     | Entered Level 10 of the Dungeon
  8755 | D:10     | Noticed a two-headed ogre
  8766 | D:10     | Killed a two-headed ogre
  8767 | D:10     | Reached skill level 14 in Unarmed Combat
  9043 | D:10     | Identified the +4 leather armour of the Great Game {rC+
                  | Will+}
  9222 | D:11     | Noticed a two-headed ogre
  9243 | D:11     | Noticed an ettin
  9245 | D:11     | Noticed jlumianski's ghost (journeyman GnSh)
  9246 | D:11     | Noticed a two-headed ogre
  9388 | D:11     | Noticed Sonja
  9392 | D:11     | Killed Sonja
  9432 | D:11     | Noticed Nergalle
  9456 | D:11     | Noticed Harold
  9664 | D:11     | Found a transporter.
  9667 | D:11     | Found a transporter.
  9862 | D:11     | Found a staircase to the Lair.
  9870 | Lair:1   | Entered Level 1 of the Lair of Beasts
  9882 | Lair:1   | Noticed a death yak
  9900 | Lair:1   | Killed a death yak
  9906 | D:11     | Reached skill level 15 in Unarmed Combat
  9956 | Lair:1   | Noticed a death yak
  9957 | Lair:1   | Noticed a death yak
  9959 | Lair:1   | Noticed a death yak
 10194 | D:12     | Noticed a tengu warrior
 10221 | D:12     | Killed a tengu warrior
 10222 | D:12     | Reached XP level 11. HP: 39/82 MP: 14/14
 10224 | D:12     | Noticed a tengu warrior
 10747 | D:12     | Killed a tengu warrior
 10900 | D:12     | Reached skill level 5 in Fighting
 10900 | D:12     | Reached skill level 16 in Unarmed Combat
 10989 | D:11     | Killed Harold
 11301 | D:11     | Killed Nergalle
 11393 | Orc:1    | Entered Level 1 of the Orcish Mines
 11422 | Orc:1    | Noticed a sun demon
 11424 | Orc:1    | Noticed a soul eater
 11510 | Orc:1    | Found a dark tunnel.
 11536 | Volcano  | Entered a volcano
 11711 | Volcano  | Slain by a salamander

Illustrated notes

Levels and vault maps discovered:
D:1:      orjb1_clovarrival, layout_basic, nrook_mini_backslash
D:2:      layout_rooms
D:3:      layout_rooms
D:4:      layout_basic, kennysheep_mini_moat, serial_shops,
          nicolae_shop_overgrown_old_shop, uniq_grinder
D:5:      layout_loops_ring, marbit_many_paths, minmay_temple_entry_offerings,
          hangedman_decor_opposing, chequers_serial_rivers_small_3,
          minmay_manual_mandibuliform
D:6:      layout_loops_ring, mainiacjoe_overflow_six_doors_small,
          chequers_arboretum
D:7:      layout_loops_ring
D:8:      layout_loops_ring, overflow_temple_1_default,
          mainiacjoe_overflow_surrounded_room, uniq_psyche, uniq_grum
D:9:      nicolae_cairo_tiling_large_dashed, layout_long_grid,
          lightli_temple_of_fire, nicolae_uskayaw_en_pointe, slow_altar_2,
          okawaru_trees_2, serial_shops, nicolae_shop_tiny_statue_garden
D:10:     layout_basic, grunt_temple_overflow_opulence, fedhas_altar_3
D:11:     layout_roguey, grunt_lair_entry_orc_guard_hut, gammafunk_ghost_arena,
          uniq_harold, uniq_sonja, uniq_nergalle
D:12:     layout_loops_corners, vehumet_statue
Lair:1:   layout_cave_pods
Orc:1:    layout_diamond_mine, serial_shops, nicolae_shop_tiny_statue_garden,
          enter_volcano_1, biasface_ghost_orc_armoury
Volcano:  volcano_grotto [vgs_dualism]

Skill      XL: |  1  2  3  4  5  6  7  8  9 10 11 |
---------------+----------------------------------+-----
Unarmed Combat | 2 3 4 5 6 7 9 11 13 15 16 | 16.5
Evocations     | 4 |  4.0
Fighting       | 3 5 |  5.8
Dodging        | |  1.7
Stealth        | |  4.5

Action                     |  1- 3 |  4- 6 |  7- 9 | 10-12 || total
---------------------------+-------+-------+-------+-------++-------
  Melee: Unarmed           |   210 |   183 |   333 |   366 ||  1092
         Punch             |     2 |       |       |       ||     2
  Throw: Dart              |     2 |     3 |    12 |    39 ||    56
         Javelin           |     3 |     3 |     3 |       ||     9
  Evoke: Wand              |       |       |     3 |     9 ||    12
    Use: Scroll            |     4 |       |       |     8 ||    12
         Potion            |     1 |       |       |       ||     1
   Stab: Sleeping          |     9 |       |       |       ||     9
         Invisible         |       |       |     1 |       ||     1
 Armour: Leather armour    |   108 |    28 |       |    12 ||   148
         Chain mail        |       |    24 |       |       ||    24
         Plate armour      |       |    41 |   186 |   239 ||   466
         Skin              |       |       |     4 |       ||     4
  Dodge: Dodged            |   107 |    76 |   163 |   144 ||   490

Table legend: (Time is in decaauts)
 A = Elapsed time spent in this place.
 B = Non-inter-level travel time spent in this place.
 C = Inter-level travel time spent in this place.
 D = Time resting spent in this place.
 E = Time spent auto-exploring this place.
 F = Levels seen in this place.
 G = Mean time per level.
                   A        B        C        D        E       F      G
               +--------+--------+--------+--------+--------+-----+--------+
         Total |  11524 |  10960 |    564 |    744 |   6516 |  15 |  768.3 |
       Dungeon |  11190 |  10626 |    564 |    744 |   6400 |  12 |  932.5 |
          Lair |     39 |     39 |      0 |      0 |     10 |   1 |   39.0 |
  Orcish Mines |    129 |    129 |      0 |      0 |      0 |   1 |  129.0 |
       Volcano |    164 |    164 |      0 |      0 |    106 |   1 |  164.0 |
               +--------+--------+--------+--------+--------+-----+--------+

Top non-repeatable levels by time:
     D:6: 1367 daAuts
    D:11: 1319 daAuts
     D:5: 1023 daAuts
     D:9: 997 daAuts
     D:7: 928 daAuts
    D:10: 909 daAuts
     D:1: 847 daAuts
     D:2: 805 daAuts
     D:3: 794 daAuts
     D:8: 769 daAuts
    D:12: 721 daAuts
     D:4: 705 daAuts
 Volcano: 164 daAuts
   Orc:1: 129 daAuts
  Lair:1: 39 daAuts
